 Dungeon Crawl Stone Soup version 0.26-a0-1040-gbe3abf3417 (webtiles) character file.

Game seed: 17006659488304115062

16214 Dracia the Slicer (level 12, -17/82 HPs)
             Began as a Halfling Hunter on Dec 11, 2020.
             Was a High Priest of Okawaru.
             Demolished by an earth elemental (29 damage)
             ... in a volcano.
             The game lasted 00:36:31 (16155 turns).

Dracia the Slicer (Halfling Hunter)                Turns: 16155, Time: 00:36:32

Health: -17/82     AC: 10    Str: 13    XL:     12   Next: 67%
Magic:  13/13      EV: 22    Int:  9    God:    Okawaru [*****.]
Gold:   416        SH:  5    Dex: 19    Spells: 2/11 levels left

rFire    . . .     SeeInvis .   b - +6 rapier of Doleup {vamp, rN+ Will+ Int-4}
rCold    . . .     Faith    .   (shield restricted)
rNeg     + + .     Spirit   .   U - +0 acid dragon scales
rPois    .         Reflect  +   D - +2 hat {Int+3}
rElec    .         Harm     .   (no cloak)
rCorr    +         Rampage  .   (no gloves)
Will     +....                  (no boots)
Stlth    ++........             E - amulet of reflection
HPRegen  0.23/turn              N - ring of positive energy
MPRegen  0.13/turn              L - ring of flight

@: no status effects
A: small, mutation resistance 1
a: Heroism, Finesse, Renounce Religion, Evoke Flight


You were in a volcano.
You worshipped Okawaru.
Okawaru was extremely pleased with you.
You visited 3 branches of the dungeon, and saw 14 of its levels.
You also visited: Sewer, Ossuary and Volcano.

You collected 808 gold pieces.
You spent 392 gold pieces at shops.


Innate Abilities, Weirdness & Mutations

You are small and have problems with some larger weapons.
You are somewhat resistant to further mutation.


   Skills:
 - Level 8.0 Fighting
 + Level 12.9 Short Blades
 - Level 12.0 Slings
 - Level 7.4 Armour
 - Level 10.2 Dodging
 - Level 1.1 Stealth
 + Level 1.3 Hexes
 - Level 2.0 Translocations
 - Level 2.1 Invocations


You had 2 spell levels left.
You knew the following spells:

 Your Spells              Type           Power        Failure   Level
e - Leda's Liquefaction   Hex/Erth       #.........   99%         4
o - Portal Projectile     Hex/Tloc       #.....       63%         3
s - Slow                  Hex            #.......     45%         2

Your spell library contained the following spells:

 Spells                   Type           Power        Failure   Level
 Corona                   Hex            #......      32%         1
 Beastly Appendage        Tmut           #.....       50%         1
 Summon Small Mammal      Summ           #...         50%         1
 Ensorcelled Hibernation  Hex/Ice        #.....       54%         2
 Call Imp                 Summ           #.......     63%         2
 Wereblood                Tmut           #.......     63%         2
 Confusing Touch          Hex            #.......     69%         3
 Tukima's Dance           Hex            #.......     69%         3
 Dazzling Flash           Conj/Hex       #.....       78%         3
 Inner Flame              Hex/Fire       #.......     78%         3
 Summon Guardian Golem    Hex/Summ       #.......     78%         3
 Call Canine Familiar     Summ           #.......     86%         3
 Spider Form              Tmut/Pois      #.........   86%         3
 Cause Fear               Hex            #.........   97%         4
 Ice Form                 Ice/Tmut       #.......     99%         4
 Summon Ice Beast         Ice/Summ       #.......     99%         4
 Summon Lightning Spire   Summ/Air       #.......     99%         4
 Blade Hands              Tmut           #.........   100%        5

Inventory:

Hand Weapons
 a - a +2 hunting sling
 b - the +6 rapier of Doleup (weapon) {vamp, rN+ Will+ Int-4}
   (You found it on level 8 of the Dungeon)

   It inflicts no extra harm, but heals its wielder when it wounds a living foe.
   It affects your intelligence (-4).
   It protects you from negative energy.
   It affects your willpower, your defense against some magical effects.
Missiles
 d - 74 sling bullets
 g - 8 poisoned darts (quivered)
 S - 4 atropa-tipped darts
Armour
 D - a +2 hat of intelligence (worn)
 U - +0 acid dragon scales (worn)
Jewellery
 A - an uncursed amulet of the acrobat
 E - an amulet of reflection (around neck)
 L - a ring of flight (right hand)
 N - a ring of positive energy (left hand)
Wands
 t - a wand of digging (9)
 M - a wand of polymorph (21)
 Q - a wand of disintegration (9)
 V - a wand of acid (9)
Scrolls
 e - 16 scrolls of teleportation {@r4@r4}
 f - 4 scrolls of identify {@r1@r1}
 h - 4 scrolls of fog
 i - 8 scrolls of enchant armour
 o - 3 scrolls of blinking
 p - 4 scrolls of fear
 y - 5 scrolls of remove curse {@r2@r2}
 B - a scroll of amnesia
 K - a scroll of enchant weapon
Potions
 j - 3 potions of curing {@q1@q1}
 m - a potion of flight
 u - 5 potions of magic
 v - 2 potions of cancellation
 z - 2 potions of mutation
 C - 2 potions of brilliance
 F - 3 potions of haste {@q3@q3}
 O - a potion of resistance
Miscellaneous
 J - a phial of floods
 P - a box of beasts

Dungeon Overview and Level Annotations

Branches:
Dungeon (12/15)            Temple (1/1) D:7            Lair (1/6) D:11
    Orc (0/2) D:10          Sewer (visited)         Ossuary (visited)
Volcano (1/1)

Altars:
Ashenzari
Cheibriados
Dithmenos
Elyvilon
Fedhas
Gozag
Hepliaklqana
Kikubaaqudgha
Makhleb
Nemelex Xobeh
Okawaru
Qazlal
Ru
Sif Muna
Trog
Uskayaw
Vehumet
Wu Jian
Xom
Yredelemnul
Zin
The Shining One

Shops:
D:5 (   D:6 *   D:7 *

Annotations:
D:5 3 runed translucent doors, Dracia's ghost, weakling MfDe; SamuraiZach's ghost, weakling OpDe; mkm's ghost, novice GrEE

. ## ### ≈.
###.#####.## ≈≈≈
##≈....##...## ≈≈≈≈
#°≈....#.#...## ≈≈≈≈≈
#≈≈.∩..'#####@##.≈≈kk≈
#≈≈≈..### ###E(#
#≈≈≈..##≈≈○≈ ####
#≈≈...##EE○○
#≈≈.∩..+○°≈≈≈○
#≈≈....#○§≈§.#
##○....#.○§.§#
##..#####§### ####


You could see an earth elemental.


Message History

The earth elemental barely misses you.
You hit the earth elemental but do no damage.
The earth elemental is heavily damaged.
You barely miss the earth elemental.
The earth elemental is heavily damaged.
The lindwurm breathes flames at you.
The blast of flame hits the earth elemental.
The earth elemental completely resists.
The blast of flame hits you.
The earth elemental completely misses you.
You hit the earth elemental but do no damage.
The earth elemental is heavily damaged.
You hit the earth elemental.
The earth elemental is severely damaged.
You hit the earth elemental.
The earth elemental is severely damaged.
The earth elemental hits you!!
* * * LOW HITPOINT WARNING * * *
You barely miss the earth elemental.
The earth elemental is severely damaged.
The lindwurm breathes flames at you.
The blast of flame hits the earth elemental.
The earth elemental completely resists.
The blast of flame hits you!
* * * LOW HITPOINT WARNING * * *
You completely miss the earth elemental.
The earth elemental is severely damaged.
Unknown command.
You hit the earth elemental but do no damage.
The earth elemental is severely damaged.
You feel better. The earth elemental hits you!!
You die...

Skill      XL: |  1  2  3  4  5  6  7  8  9 10 11 12 |
---------------+-------------------------------------+-----
Slings         | 6 7 9 10 12 | 12.0
Dodging        | 3 4 5 6 9 10 | 10.2
Short Blades   | 2 5 6 9 12 | 12.9
Armour         | 1 5 7 |  7.4
Fighting       | 3 7 8 |  8.0
Invocations    | 2 |  2.1
Translocations | 2 |  2.0
Hexes          | 1 |  1.3
Stealth        | |  1.1

Action                   |  1- 3 |  4- 6 |  7- 9 | 10-12 || total
-------------------------+-------+-------+-------+-------++-------
Melee: Short sword       |       |    50 |    75 |    43 ||   168
       Rapier            |       |       |       |   222 ||   222
 Fire: Hunting sling     |    43 |   131 |   642 |   945 ||  1761
  Use: Scroll            |     2 |     5 |     1 |    13 ||    21
       Potion            |       |     5 |     1 |    18 ||    24
Armor: Ring mail         |     3 |    16 |    37 |    44 ||   100
       Skin              |       |     8 |     6 |    51 ||    65
       Acid dragon scale |       |       |       |    36 ||    36
Dodge: Dodged            |    11 |    49 |   183 |   550 ||   793
Block: Other             |       |       |       |     6 ||     6

Levels and vault maps discovered:
D:1:      dpeg_arrival_round_b, layout_basic
D:2:      layout_basic, chequers_ecumenical_altar_twisty, uniq_natasha
D:3:      minmay_door_path, layout_loops_corners, lightli_sewer_entry_pipes,
          minmay_lizard_king
D:4:      layout_basic, ashenzari_altar_1, uniq_duvessa
D:5:      layout_rooms, gammafunk_ghost_cemetery, basic_altar, serial_shops,
          shop, kennysheep_little_box, minmay_mini_ossuary
D:6:      layout_cave_pools, serial_shops, shop, hangedman_decor_diamond_cutter,
          minmay_statues_item, kennysheep_generic_room_6
D:7:      layout_loops_ring, minmay_temple_entry_mini_moons, serial_shops,
          kennysheep_mini_moat, nicolae_ossuary_entry_false_entrances,
          uniq_harold
D:8:      layout_basic, nicolae_overflow_hidden_temple, uniq_gastronok
D:9:      layout_gridville, basic_altar
D:10:     layout_cave_pods, zombieorc2_lemuel
D:11:     layout_roguey, minmay_lair_entry_grove
D:12:     layout_layer_cave, led_sif_book
Temple:   regret_index_temple_sigil_plot
Lair:1:   beast_lair_carwin_large_2, layout_long_grid, enter_volcano_2,
          st_stairs_11
Volcano:  volcano_aerie

Notes
Turn   | Place    | Note
-------+----------+-------------------------------------------
     0 | D:1      | Dracia the Halfling Hunter began the quest for the Orb.
     0 | D:1      | Reached XP level 1. HP: 14/14 MP: 1/1
    46 | D:1      | Reached skill level 6 in Slings
   133 | D:1      | Reached XP level 2. HP: 19/19 MP: 2/2
   805 | D:2      | Reached XP level 3. HP: 24/24 MP: 3/3
   955 | D:2      | Noticed Natasha
   957 | D:2      | Killed Natasha
   958 | D:2      | Reached skill level 7 in Slings
   958 | D:2      | Reached skill level 3 in Dodging
   958 | D:2      | Reached XP level 4. HP: 28/29 MP: 4/4
  1197 | D:2      | Found a faded altar of an unknown god.
  1451 | D:3      | Reached XP level 5. HP: 20/34 MP: 5/5
  1458 | D:3      | Reached skill level 8 in Slings
  1798 | D:3      | Found a glowing drain.
  1827 | Sewer    | Entered a sewer
  1907 | Sewer    | Noticed a big kobold
  1908 | Sewer    | Noticed a big kobold
  1917 | Sewer    | Killed a big kobold
  1918 | Sewer    | Reached skill level 9 in Slings
  1918 | Sewer    | Reached skill level 4 in Dodging
  1918 | Sewer    | Reached XP level 6. HP: 39/39 MP: 6/6
  2333 | D:3      | Reached XP level 7. HP: 42/44 MP: 7/7
  2819 | D:3      | Reached skill level 10 in Slings
  3509 | D:4      | Reached skill level 1 in Short Blades
  3529 | D:4      | Reached skill level 5 in Dodging
  3554 | D:4      | Noticed Duvessa
  3556 | D:4      | Noticed Dowan
  3567 | D:4      | Killed Duvessa
  3568 | D:4      | Reached skill level 2 in Short Blades
  3572 | D:4      | Killed Dowan
  3590 | D:4      | Reached XP level 8. HP: 45/49 MP: 8/8
  3711 | D:4      | Found a broken altar of Ashenzari.
  3715 | D:4      | Reached skill level 11 in Slings
  4018 | D:4      | Reached skill level 3 in Short Blades
  4176 | D:5      | Entered Level 5 of the Dungeon
  4176 | D:5      | Found a sacrificial altar of Ru.
  4788 | D:5      | Found a runed translucent gate.
  4789 | D:5      | Found a runed translucent gate.
  4790 | D:5      | Found a runed translucent gate.
  4791 | D:5      | Noticed SamuraiZach's ghost (weakling OpDe)
  4791 | D:5      | Noticed mkm's ghost (novice GrEE)
  4791 | D:5      | Noticed Dracia's ghost (weakling MfDe)
  4853 | D:5      | Found Botusur's Magic Scroll Shop.
  4893 | D:5      | Reached skill level 6 in Dodging
  4966 | D:5      | Found Omowar's Antique Weapon Emporium.
  5255 | D:6      | Reached skill level 4 in Short Blades
  5272 | D:6      | Reached skill level 12 in Slings
  5320 | D:6      | Found Seiv's General Store.
  5426 | D:6      | Reached skill level 5 in Short Blades
  5426 | D:6      | Reached XP level 9. HP: 42/54 MP: 9/9
  5575 | D:6      | Reached skill level 1 in Armour
  5666 | D:6      | Reached skill level 7 in Dodging
  6023 | D:6      | Reached skill level 6 in Short Blades
  6272 | D:6      | Reached skill level 8 in Dodging
  6469 | D:6      | Reached skill level 2 in Fighting
  6974 | D:7      | Found Mainn's Assorted Antiques.
  6981 | D:7      | Found a sand-covered staircase.
  6986 | Ossuary  | Entered an ossuary
  7024 | Ossuary  | Reached skill level 3 in Fighting
  7396 | D:7      | Noticed a hornet
  7409 | D:7      | Noticed Harold
  7425 | D:7      | Paralysed by a hornet for 2 turns
  7432 | D:7      | Killed a hornet
  7433 | D:7      | Reached skill level 9 in Dodging
  7433 | D:7      | Reached XP level 10. HP: 46/63 MP: 10/10
  7463 | D:7      | Reached skill level 4 in Fighting
  7471 | D:7      | HP: 8/94 [Harold/+0 mace (13)]
  7500 | D:7      | HP: 5/63 [acid (12)]
  7507 | D:7      | Found a staircase to the Ecumenical Temple.
  7516 | Temple   | Entered the Ecumenical Temple
  7844 | Temple   | Became a worshipper of Warmaster Okawaru
  7924 | D:7      | Killed Harold
  7924 | D:7      | Reached * piety under Okawaru
  7925 | D:7      | Reached skill level 5 in Fighting
  7925 | D:7      | Reached skill level 10 in Dodging
  8732 | D:7      | Reached skill level 2 in Armour
  8931 | D:8      | Reached skill level 1 in Invocations
  8987 | D:8      | Got a translucent rapier
  9230 | D:8      | Identified the +6 rapier of Doleup {vamp, rN+ Will+ Int-4}
                  | (You found it on level 8 of the Dungeon)
  9357 | D:8      | Found a hazy altar of Hepliaklqana.
  9458 | D:8      | HP: 4/68 [hornet (7)]
  9458 | D:8      | Paralysed by a hornet for 1 turns
  9462 | D:8      | Reached skill level 3 in Armour
  9462 | D:8      | Reached skill level 2 in Invocations
  9729 | D:8      | Reached skill level 6 in Fighting
  9873 | D:8      | Noticed Gastronok
  9912 | D:8      | Killed Gastronok
  9912 | D:8      | Reached ** piety under Okawaru
  9913 | D:8      | Reached skill level 7 in Fighting
  9913 | D:8      | Reached skill level 5 in Armour
  9913 | D:8      | Reached XP level 11. HP: 54/75 MP: 12/12
 10090 | D:8      | Reached skill level 6 in Armour
 10181 | D:8      | Reached skill level 7 in Short Blades
 10340 | D:7      | Bought a faintly glowing ring mail for 252 gold pieces
 10340 | D:7      | Bought a potion of heal wounds for 140 gold pieces
 10340 | D:7      | Identified the cursed +1 ring mail of Dingynt {*Corrode
                  | rN++ Int-5 Slay+6} (You bought it in a shop on level 7 of
                  | the Dungeon)
 10624 | D:9      | Noticed a two-headed ogre
 10635 | D:9      | Killed a two-headed ogre
 10635 | D:9      | Reached *** piety under Okawaru
 10764 | D:9      | Found a glowing silver altar of Zin.
 11148 | D:9      | Reached skill level 8 in Fighting
 11333 | D:9      | Reached skill level 7 in Armour
 11343 | D:9      | Reached skill level 8 in Short Blades
 11348 | D:9      | Received a gift from Okawaru
 11428 | D:9      | You fall into a shaft and drop 3 floors!
 11490 | D:12     | Noticed a seven-headed hydra
 11518 | D:11     | Learned a level 3 spell: Portal Projectile
 11521 | D:11     | Learned a level 2 spell: Slow
 11526 | D:11     | Learned a level 4 spell: Leda's Liquefaction
 11604 | D:10     | Entered Level 10 of the Dungeon
 11686 | D:10     | Reached skill level 1 in Translocations
 11748 | D:10     | HP: 7/77 [orc warrior/+0 scimitar of freezing (4)]
 12155 | D:10     | Reached skill level 2 in Translocations
 12253 | D:10     | Reached **** piety under Okawaru
 12313 | D:10     | Found a staircase to the Orcish Mines.
 12344 | D:10     | Reached skill level 9 in Short Blades
 12683 | D:10     | Killed an unseen horror
 12684 | D:10     | Reached XP level 12. HP: 69/82 MP: 13/13
 13249 | D:10     | Reached skill level 10 in Short Blades
 13253 | D:10     | Received a gift from Okawaru
 13535 | D:11     | Found a staircase to the Lair.
 13872 | D:11     | Noticed a two-headed ogre
 13873 | D:11     | Noticed a two-headed ogre
 14041 | D:10     | Killed a two-headed ogre
 14041 | D:10     | Received a gift from Okawaru
 14042 | D:10     | Reached skill level 11 in Short Blades
 14560 | D:11     | Identified a potion of resistance
 14734 | D:11     | Reached skill level 12 in Short Blades
 14800 | D:11     | Killed a two-headed ogre
 15575 | Lair:1   | Entered Level 1 of the Lair of Beasts
 15774 | Lair:1   | Reached skill level 1 in Hexes
 15794 | Lair:1   | Reached ***** piety under Okawaru
 15794 | Lair:1   | Received a gift from Okawaru
 15823 | Lair:1   | Found a dark tunnel.
 15829 | Volcano  | Entered a volcano
 15866 | Volcano  | HP: 2/82 [earth elemental (30)]
 16151 | Volcano  | HP: 4/82 [lindwurm/blast of flame (17)]
 16155 | Volcano  | Demolished by an earth elemental

Vanquished Creatures
  Gastronok (D:8)
  Harold (D:7)
  3 two-headed ogres
  An unseen horror (D:10)
  A wolf spider zombie (D:10)
  A troll (D:9)
  2 hornets
  2 shadows (D:10)
  2 wyverns (D:11)
  7 yaks
  A vampire (D:11)
  2 vampire mosquitoes (D:11)
  2 two-headed ogre zombies (D:10)
  4 water moccasins
  Duvessa (D:4)
  An acid dragon (D:7)
  2 sky beasts
  3 orc warriors
  2 ice beasts (D:6)
  4 phantoms
  3 ogres
  3 black bears
  4 wolves
  9 centaurs
  4 big kobolds
  6 bullfrogs
  A wyvern zombie (D:6)
  2 earth elementals (Volcano)
  Dowan (D:4)
  A wyvern skeleton (D:9)
  2 scorpions
  2 troll zombies (D:10)
  8 killer bees (D:10)
  34 wights
  3 howler monkeys (D:9)
  A bullfrog zombie (D:9)
  A quasit (D:6)
  3 jellies
  2 bullfrog skeletons (D:11)
  2 hounds
  3 orc priests
  9 orc wizards
  5 centaur skeletons
  Natasha (D:2)
  4 iguanas
  17 worker ants
  4 ogre zombies (D:10)
  A big kobold zombie (Ossuary)
  9 mummies
  3 gnolls (D:4)
  A howler monkey skeleton (D:8)
  2 worker ant zombies
  22 adders
  4 river rats
  A shadow imp (D:6)
  2 ufetubi
  3 oozes
  An adder zombie (D:9)
  10 worms
  A dart slug (D:3)
  6 leopard geckos
  33 orcs
  6 bats
  5 giant cockroaches
  2 gnoll zombies (Ossuary)
  7 goblins
  8 hobgoblins
  5 jackals
  9 quokkas
  4 ball pythons
  13 frilled lizards
  3 goblin zombies (D:10)
  A hobgoblin skeleton (D:10)
  5 hobgoblin zombies
  20 kobolds
  A kobold zombie (D:5)
  A leopard gecko skeleton (D:4)
  3 orc skeletons (D:10)
  21 orc zombies
  2 quokka skeletons
  12 rats
405 creatures vanquished.

Vanquished Creatures (others)
  An orc wizard (D:7)
  2 fungi (D:11)
  30 plants
  3 withered plants (D:5)
36 creatures vanquished.

Grand Total: 441 creatures vanquished

Table legend: (Time is in decaauts)
 A = Elapsed time spent in this place.
 B = Non-inter-level travel time spent in this place.
 C = Inter-level travel time spent in this place.
 D = Time resting spent in this place.
 E = Time spent auto-exploring this place.
 F = Levels seen in this place.
 G = Mean time per level.
                   A        B        C        D        E       F      G
               +--------+--------+--------+--------+--------+-----+--------+
         Total |  15466 |  14495 |    971 |   2825 |   8708 |  17 |  909.8 |
       Dungeon |  13929 |  12970 |    959 |   2368 |   8025 |  12 | 1160.8 |
        Temple |    329 |    317 |     12 |    221 |     93 |   1 |  329.0 |
          Lair |    229 |    229 |      0 |      0 |     83 |   1 |  229.0 |
         Sewer |    337 |    337 |      0 |      0 |    242 |   1 |  337.0 |
       Ossuary |    342 |    342 |      0 |      0 |    245 |   1 |  342.0 |
       Volcano |    298 |    298 |      0 |    236 |     19 |   1 |  298.0 |
               +--------+--------+--------+--------+--------+-----+--------+

Top non-repeatable levels by time:
    D:10: 1743 daAuts
     D:3: 1652 daAuts
     D:6: 1612 daAuts
    D:11: 1579 daAuts
     D:8: 1534 daAuts
     D:9: 1382 daAuts
     D:7: 1028 daAuts
     D:4: 983 daAuts
     D:5: 939 daAuts
     D:1: 753 daAuts
     D:2: 649 daAuts
 Ossuary: 342 daAuts
   Sewer: 337 daAuts
  Temple: 329 daAuts
 Volcano: 298 daAuts

Table legend:
 A = Non-vault XP
 B = Vault XP
 C = Vault XP percentage of total XP
 D = Non-vault monster count
 E = Vault monster count
 F = Vault count percentage of total count
                 A         B        C        D         E       F
            +---------+---------+-------+---------+---------+-------
      Total |   15944 |    7220 |  31.2 |     289 |     117 |  28.8
            +---------+---------+-------+---------+---------+-------
        D:1 |      20 |       0 |   0.0 |      12 |       0 |   0.0
        D:2 |      63 |      36 |  36.4 |      24 |       1 |   4.0
        D:3 |      98 |     112 |  53.3 |      26 |      20 |  43.5
        D:4 |     364 |     230 |  38.7 |      15 |       2 |  11.8
        D:5 |     430 |      22 |   4.9 |      19 |       5 |  20.8
        D:6 |    1722 |     116 |   6.3 |      37 |       1 |   2.6
        D:7 |    1414 |    1013 |  41.7 |      30 |       1 |   3.2
        D:8 |    1432 |    2265 |  61.3 |      27 |       1 |   3.6
        D:9 |    2958 |       0 |   0.0 |      37 |       0 |   0.0
       D:10 |    3390 |    1399 |  29.2 |      22 |      38 |  63.3
       D:11 |    3122 |    1396 |  30.9 |      35 |      11 |  23.9
     Lair:1 |     931 |       0 |   0.0 |       5 |       0 |   0.0
      Sewer |       0 |     283 | 100.0 |       0 |      19 | 100.0
    Ossuary |       0 |     176 | 100.0 |       0 |      16 | 100.0
    Volcano |       0 |     172 | 100.0 |       0 |       2 | 100.0
            +---------+---------+-------+---------+---------+-------
